 Dungeon Crawl Stone Soup version 0.31-a0-662-g684573625c (webtiles) character file.

Game seed: 10738820947709889344

77 kae the Caller (level 4, 0/24 HPs)
             Began as a Deep Elf Summoner on Sept 1, 2023.
             Slain by a gnoll
             ... wielding a +0 halberd
              (3 damage)
             ... on level 3 of the Dungeon.
             The game lasted 00:03:10 (2646 turns).

kae the Caller (Deep Elf Summoner)                  Turns: 2646, Time: 00:03:11

Health: 0/24       AC:  2    Str:  5    XL:     4   Next: 13%
Magic:  9/12       EV: 12    Int: 22    God:
Gold:   124        SH:  0    Dex: 15    Spells: 2/11 levels left

rFire   . . .        f - +0 club
rCold   . . .        (no shield)
rNeg    . . .        a - +0 robe
rPois   .            (no helmet)
rElec   .            (no cloak)
rCorr   .            (no gloves)
SInv    .            (no boots)
Will    .....        (no amulet)
Stlth   ++           (no ring)
HPRegen 0.24/turn    (no ring)
MPRegen 0.13/turn

%: no passive effects
@: no status effects
A: no striking features
a: no special abilities


You were on level 3 of the Dungeon.
You visited 1 branch of the dungeon, and saw 3 of its levels.

You collected 124 gold pieces.


   Skills:
 - Level 2.4 Dodging
 - Level 2.4 Stealth
 + Level 4.2 Spellcasting
 * Level 5.7 Summonings


You had 2 spell levels left.
You knew the following spells:

 Your Spells              Type           Power      Damage    Failure   Level
a - Summon Small Mammal   Summ           100%       N/A       1%          1
b - Call Imp              Summ           58%        N/A       1%          2
c - Call Canine Familiar  Summ           29%        N/A       3%          3
d - Summon Guardian Gole  Hex/Summ       17%        N/A       10%         3

Your spell library contained the following spells:

 Spells                   Type           Power      Damage    Failure   Level
 Summon Lightning Spire   Summ/Air       17%        N/A       32%         4

Inventory:

Hand Weapons
 f - a +0 club (weapon)
   (You took it off a kobold on level 1 of the Dungeon)
Missiles
 d - 5 silver javelins
 e - 23 stones
 h - 6 poisoned darts
 k - a boomerang
Armour
 a - a +0 robe (worn)
Magical Staves
 c - a staff of earth {!a}
   (You found it on level 1 of the Dungeon)
Scrolls
 j - a scroll of identify {unknown}
Potions
 b - a potion of magic
 g - a potion of degeneration {unknown}
 i - a potion of mutation {unknown}

Dungeon Overview and Level Annotations

Branches:
Dungeon (3/15) Zot: 15325

Altars:

Annotations:
D:3 Ijyb rhg

#.......#
#..
##......#
..
###.#.##.#
.
#........#
#.#.#....#
#.#.##..r#
#.#...g<5#
#.#......#
#.....@.##
####.####
#.# #. #.


You could see a gnoll (ally target), a friendly cerulean imp (summoned) and a
friendly quokka (summoned).


Message History

Your bat hits the gnoll but does no damage.
Your cerulean imp hits the gnoll with a -2 spear.
The gnoll dies!
You have reached level 4!
You feel clever. 😱 HP[+2] MP[+1]
You now have 24 max hp (+5).
You regained 2 hp, and now have 6/24 hp. 😱 MP[+1]
There is a stone staircase leading down, spattered with blood here. 😨 HP[+1]
You start resting.
Your magical contamination has completely faded away.
You start resting.
Your cerulean imp disappears in a puff of smoke! 😨 HP[+3] MP[+2]
You regained 3 hp, and now have 10/24 hp.
You regained 2 mp, and now have 10/12 mp.
You start resting. 😮 HP[+3] MP[+2]
You regained 3 hp, and now have 13/24 hp.
Your mp is fully restored (12).
You start resting.
Your bat disappears in a puff of smoke! 😕 HP[+7]
You regained 7 hp, and now have 20/24 hp.
You start resting. 😎 HP[+4]
Your hp is fully restored (24).
You climb downwards.
Level annotation: Ijyb The jackal barely misses you.
There is a stone staircase leading up here.
The jackal barely misses you.
You climb upwards.
There is a stone staircase leading down, spattered with blood here.
You barely miss the jackal. The jackal barely misses you.
The jackal closely misses you.
You hit the jackal but do no damage.
The jackal bites you but does no damage.
The jackal closely misses you.
You barely miss the jackal. The jackal closely misses you.
You barely miss the jackal. The jackal barely misses you.
The jackal bites you. 😕 HP[-1]
You take 1 damage, and now have 23/24 hp.
You miss the jackal. Your punch misses the jackal. The jackal bites you.
The jackal barely misses you.
You hit the jackal. The jackal closely misses you.
The jackal misses you. 😕 HP[-1]
You take 1 damage, and now have 22/24 hp.
You hit the jackal. The jackal bites you. The jackal closely misses you.
You hit the jackal but do no damage. The jackal bites you.
The jackal bites you but does no damage. 😮 HP[-4]
You take 4 damage, and now have 18/24 hp.
You completely miss the jackal. The jackal bites you.
You hit the jackal.
You kill the jackal!
No target in view!
No target in view!
No target in view!
No target in view!
You start resting. 😕 HP[+2]
You regained 2 hp, and now have 20/24 hp.
You start resting. 😎 HP[+4]
Your hp is fully restored (24).
You climb downwards.
Level annotation: Ijyb The gnoll closely misses you.
The gnoll barely misses you.
There is a stone staircase leading up here.
Casting: Summon Small Mammal (safe; 1% risk of failure)
Confirm with . or Enter, or press ? or * to list all spells.
A tiny devil pulls itself out of the air.
The gnoll barely misses you.
The gnoll hits you from afar with a +0 halberd! 😮 HP[-10] MP[-2]
You take 10 damage, and now have 14/24 hp.
MASSIVE DAMAGE!! (PAUSE)
You lost 2 mp, and now have 10/12 mp.
Your cerulean imp hits the gnoll from afar with a -2 spear.
Casting: Call Imp (safe; 1% risk of failure)
Confirm with . or Enter, or press ? or * to list all spells.
Your cerulean imp hits the gnoll but does no damage.
The gnoll barely misses you.
Your cerulean imp hits the gnoll with a -2 spear.
The gnoll hits you from afar with a +0 halberd!
Ouch! That really hurt!
* * * LOW HITPOINT WARNING * * *
Your quokka bites the gnoll but does no damage. 😱 HP[-12] MP[-1]
You take 12 damage, and now have 2/24 hp.
MASSIVE DAMAGE!! (PAUSE)
You lost 1 mp, and now have 9/12 mp.
Your quokka barely misses the gnoll.
Your cerulean imp hits the gnoll with a -2 spear.
The gnoll attacks as it pursues you!
The gnoll hits you from afar with a +0 halberd.
You die...

Skill      XL: |  1  2  3 |
---------------+----------+-----
Summonings     | 5 |  5.7
Spellcasting   | 4 |  4.2
Dodging        | |  2.4
Stealth        | |  2.4

Action                     |  1- 3 |  4- 6 || total
---------------------------+-------+-------++-------
  Melee: Unarmed           |    11 |       ||    11
         Club              |    68 |    10 ||    78
         Punch             |     1 |       ||     1
   Cast: Summon Small Mamm |    37 |     1 ||    38
         Call Imp          |    25 |     1 ||    26
         Call Canine Famil |     1 |       ||     1
    Use: Potion            |     1 |       ||     1
         Scroll            |     2 |       ||     2
   Stab: Distracted        |     1 |       ||     1
         Sleeping          |     1 |       ||     1
 Armour: Robe              |    66 |    10 ||    76
  Dodge: Dodged            |    92 |    15 ||   107

Levels and vault maps discovered:
D:1:      dpeg_arrival_boxorama, layout_basic, st_stairs_10,
          minmay_stone_trees_small
D:2:      layout_basic
D:3:      layout_loops_cross, kennysheep_nondescript, minmay_circle_x,
          uniq_terence, uniq_crazy_yiuf_cottage, uniq_ijyb

Notes
Turn   | Place    | Note
-------+----------+-------------------------------------------
     0 | D:1      | kae the Deep Elf Summoner began the quest for the Orb.
     0 | D:1      | Reached XP level 1. HP: 10/10 MP: 6/6
     0 | D:1      | magus.rc [v1.11.3]
    41 | D:1      | HP: 1/10 [quokka (4)]
   165 | D:1      | Reached XP level 2. HP: 15/15 MP: 6/8
   286 | D:1      | Reached skill level 5 in Summonings
   428 | D:1      | HP: 3/15 [hobgoblin (3)]
   454 | D:1      | Learned a level 2 spell: Call Imp
  1119 | D:2      | Reached XP level 3. HP: 14/19 MP: 7/10
  1227 | D:2      | Learned a level 3 spell: Call Canine Familiar
  1710 | D:2      | Learned a level 3 spell: Summon Guardian Golem
  1894 | D:3      | Noticed Ijyb
  2240 | D:3      | Reached skill level 4 in Spellcasting
  2525 | D:2      | HP: 4/19 [gnoll/+0 short sword (2)]
  2528 | D:2      | Reached XP level 4. HP: 6/24 MP: 7/12
  2645 | D:3      | HP: 2/24 [gnoll/+0 halberd (12)]
  2646 | D:3      | Slain by a gnoll

Vanquished Creatures
  A dart slug (D:2)
  2 goblins (D:1)
  3 hobgoblins
  A jackal (D:2)
  A quokka (D:1)
  3 rats
11 creatures vanquished.

Vanquished Creatures (collateral kills)
  2 gnolls (D:2)
  A worm (D:2)
  2 dart slugs (D:1)
  5 orcs
  6 ball pythons
  A giant cockroach (D:1)
  2 goblins
  4 hobgoblins
  5 kobolds
  A quokka (D:1)
  A bat (D:1)
  A frilled lizard (D:1)
  A rat (D:1)
32 creatures vanquished.

Grand Total: 43 creatures vanquished

Table legend:
 A = Non-vault XP
 B = Vault XP
 C = Vault XP percentage of total XP
 D = Non-vault monster count
 E = Vault monster count
 F = Vault count percentage of total count
                 A         B        C        D         E       F
            +---------+---------+-------+---------+---------+-------
      Total |      97 |      13 |  11.8 |      37 |       6 |  14.0
            +---------+---------+-------+---------+---------+-------
        D:1 |      30 |       9 |  23.1 |      18 |       4 |  18.2
        D:2 |      54 |       2 |   3.6 |      14 |       1 |   6.7
        D:3 |      13 |       2 |  13.3 |       5 |       1 |  16.7
            +---------+---------+-------+---------+---------+-------

Skill      XL: |  1  2  3 |
---------------+----------+-----
Summonings     | 5 |  5.7
Spellcasting   | 4 |  4.2
Dodging        | |  2.4
Stealth        | |  2.4

Action                     |  1- 3 |  4- 6 || total
---------------------------+-------+-------++-------
  Melee: Unarmed           |    11 |       ||    11
         Club              |    68 |    10 ||    78
         Punch             |     1 |       ||     1
   Cast: Summon Small Mamm |    37 |     1 ||    38
         Call Imp          |    25 |     1 ||    26
         Call Canine Famil |     1 |       ||     1
    Use: Potion            |     1 |       ||     1
         Scroll            |     2 |       ||     2
   Stab: Distracted        |     1 |       ||     1
         Sleeping          |     1 |       ||     1
 Armour: Robe              |    66 |    10 ||    76
  Dodge: Dodged            |    92 |    15 ||   107

Illustrated notes

Table legend:
 A = Kills in this place as a percentage of kills in the entire game.
 B = Kills by you in this place as a percentage of kills by you in the entire game.
 C = Kills by friends in this place as a percentage of kills by friends in the entire game.
 D = Other kills in this place as a percentage of other kills in the entire game.
 E = Experience gained in this place as a percentage of experience gained in the entire game.
 F = Experience gained in this place divided by the number of levels of this place that you have seen.
                   A       B       C       D       E      F
               +-------+-------+-------+-------+-------+----------------------
         Total | 100.0 | 100.0 | 100.0 |   N/A | 100.0 |  36.7
       Dungeon | 100.0 | 100.0 | 100.0 |   N/A | 100.0 |  36.7
               +-------+-------+-------+-------+-------+----------------------

Table legend: (Time is in decaauts)
 A = Elapsed time spent in this place.
 B = Non-inter-level travel time spent in this place.
 C = Inter-level travel time spent in this place.
 D = Time resting spent in this place.
 E = Time spent auto-exploring this place.
 F = Levels seen in this place.
 G = Mean time per level.
                   A        B        C        D        E       F      G
               +--------+--------+--------+--------+--------+-----+--------+
         Total |   2673 |   2509 |    164 |    414 |   1596 |   3 |  891.0 |
       Dungeon |   2673 |   2509 |    164 |    414 |   1596 |   3 |  891.0 |
               +--------+--------+--------+--------+--------+-----+--------+

Top non-repeatable levels by time:
     D:2: 1263 daAuts
     D:1: 1083 daAuts
     D:3: 327 daAuts
